 Dungeon Crawl Stone Soup version 0.31.0-32-g396128a36d (webtiles) character file.

Game seed: 4095473392894009249

693218 jimmypageman the Conqueror (level 27, 0/245 HPs)
             Began as a Minotaur Fighter on Mar 27, 2024.
             Was the Champion of the Shining One.
             Killed by psychic fangs
             ... invoked by a glowing orange brain
              (8 damage)
             ... while paralysed by accursed screaming
             ... on level 16 of a ziggurat.
             The game lasted 02:28:34 (77510 turns).

jimmypageman the Conqueror (Minotaur Fighter)      Turns: 77510, Time: 02:28:34

Health: 0/245      AC: 42    Str: 32    XL:     27
Magic:  0/36       EV:  2    Int: 13    God:    the Shining One [******]
Gold:   7660       SH:  0    Dex: 18    Spells: 26/26 levels left

rFire   + . .        i - +8 eveningstar (holy)
rCold   + + +        U - +2 tower shield {reflect}
rNeg    + + +        f - +11 gold dragon scales
rPois   +            b - +2 hat {Int+3}
rElec   +            L - +1 cloak
rCorr   .            Z - +2 pair of gloves {hurl}
SInv    +            p - +2 pair of slick slippers {slick, slippery, EV+4}
Will    +++..        J - amulet of Freedom {Spirit Int+3 Slay+5 Stlth-} Stlth
                     Q - ring "Mezodezy" {rC++ rN+ Stlth+}
HPRegen 0.00/turn    Y - ring "Guor" {rElec Will+ Int+2 Dex+7 SInv}
MPRegen 0.25/turn

%: random rage (3%), reflection, guardian spirit
@: paralysed, divinely shielded, sick, glowing, studying Staves
A: horns 2, retaliatory headbutt, deformed body, deterioration 1, frail 1,
teleportitis 1, subdued magic 1, [berserk 1], [weak 1]
}: 4/15 runes: serpentine, barnacled, slimy, silver
a: Renounce Religion, Divine Shield, Cleansing Flame, Summon Divine Warrior


You were on level 16 of a ziggurat.
You worshipped the Shining One.
The Shining One was exalted by your worship.
You visited 13 branches of the dungeon, and saw 60 of its levels.
You visited the Abyss 3 times.
You visited 1 ziggurat, and saw 16 of its levels.
You also visited: Sewer, Gauntlet, Ice Cave, Volcano and Wizlab.

You collected 9303 gold pieces.
You spent 1643 gold pieces at shops.

Inventory:

Hand Weapons
 i - a +8 eveningstar of holy wrath (weapon)
 R - a +9 broad axe of electrocution
Missiles
 n - 60 boomerangs
 G - 10 silver javelins (quivered)
 N - 8 throwing nets
 O - 31 javelins
Armour
 b - a +2 hat of intelligence (worn)
 f - +11 gold dragon scales (worn)
 p - the +2 pair of slick slippers (worn) {slick, slippery, EV+4}
   (You found it on level 2 of the Elven Halls)

   Slick:     Its wearer cannot be constricted, engulfed, netted or webbed.
   Slippery:  Its wearer slips away from damaging melee attacks, pulling the
   attacker onward.
   EV+4:      It affects your evasion (+4).
 s - a +1 tower shield of fire resistance
 y - the +1 pair of gloves "Facw" {rPois MP+9}
   (You found it in a Gauntlet)

   rPois:     It protects you from poison MP+9: It affects your magic capacity
   (+9).
 F - the +7 faerie dragon scales {Rampage rCorr Str+2}
   (You took it off the Enchantress on level 3 of the Depths)

   Str+2:     It affects your strength (+2).
   rCorr:     It protects you from acid and corrosion.
   Rampage:   It bestows one free step when moving towards enemies.
 L - a +1 cloak (worn)
 U - a +2 tower shield of reflection (worn)
 Z - a +2 pair of gloves of hurling (worn)
Jewellery
 g - the ring "Zehyt" {rCorr Dex+2}
   (You found it on level 14 of a ziggurat)

   [ring of resist corrosion]

   Dex+2:     It affects your dexterity (+2).
   rCorr:     It protects you from acid and corrosion.
 t - the amulet of Zat Qoed {Regen+ Dex+5}
   (You found it on level 9 of a ziggurat)

   [amulet of regeneration]

   Dex+5:     It affects your dexterity (+5).
   Regen+:    It increases your rate of health regeneration.
 H - the ring "Cojeqok" {MP+9 Int+3 Dex+6}
   (You found it on level 5 of the Pits of Slime)

   [ring of dexterity]

   Int+3:     It affects your intelligence (+3).
   Dex+6:     It affects your dexterity (+6).
   MP+9:      It affects your magic capacity (+9).
 J - the amulet of Freedom (around neck) {Spirit Int+3 Slay+5 Stlth-}
   (You took it off a fire giant on level 1 of the Depths)

   [amulet of guardian spirit]

   Spirit:    It causes incoming damage to be divided between your reserves of
   health and magic.
   Int+3:     It affects your intelligence (+3).
   Slay+5:    It affects your accuracy & damage with ranged weapons and melee
   (+5).
   Stlth-:    It makes you less stealthy.
 Q - the ring "Mezodezy" (left hand) {rC++ rN+ Stlth+}
   (You took it off a hell knight on level 1 of the Depths)

   [ring of positive energy]

   rC++:      It greatly protects you from cold.
   rN+:       It protects you from negative energy.
   Stlth+:    It makes you more stealthy.
 T - the ring "Saukhe" {rF++ rN+ Will+ MP+9 Dex+3}
   (You acquired it on level 15 of a ziggurat)

   [ring of magical power]

   Dex+3:     It affects your dexterity (+3).
   rF++:      It greatly protects you from fire.
   rN+:       It protects you from negative energy.
   Will+:     It increases your willpower.
   MP+9:      It affects your magic capacity (+9).
 Y - the ring "Guor" (right hand) {rElec Will+ Int+2 Dex+7 SInv}
   (You found it on level 4 of the Shoals)

   [ring of willpower]

   Int+2:     It affects your intelligence (+2).
   Dex+7:     It affects your dexterity (+7).
   rElec:     It insulates you from electricity.
   Will+:     It increases your willpower.
   SInv:      It lets you see invisible.
Wands
 k - a wand of roots (54)
 m - a wand of mindburst (49)
 B - a wand of charming (7)
 P - a wand of quicksilver (30)
 V - a wand of digging (32)
Scrolls
 a - 3 scrolls of silence
 o - 4 scrolls of blinking
 q - 34 scrolls of teleportation
 v - 5 scrolls of poison
 w - 16 scrolls of fog
 D - 2 scrolls of revelation
 E - 14 scrolls of fear
 M - 5 scrolls of enchant weapon
 W - 5 scrolls of identify
Potions
 d - 4 potions of might
 e - 4 potions of ambrosia
 h - 6 potions of enlightenment
 j - 23 potions of curing
 l - 18 potions of mutation
 r - 11 potions of lignification
 u - 2 potions of magic
 x - 6 potions of heal wounds
 z - 3 potions of invisibility
 A - 8 potions of haste
 C - 7 potions of berserk rage
 I - a potion of brilliance
 K - 5 potions of resistance
Miscellaneous
 c - a lightning rod (4/4)
 S - a tin of tremorstones (2/2)


   Skills:
 O Level 27 Fighting
 O Level 27 Axes
 + Level 11.0(20.6) Maces & Flails
 * Level 15.7 Throwing
 + Level 25.7 Armour
 * Level 17.9 Dodging
 - Level 0.3 Stealth
 O Level 27 Shields
 * Level 20.2 Invocations
 + Level 2.2 Evocations


You had 26 spell levels left.
You didn't know any spells.
Your spell library contained the following spells:

 Spells                   Type           Power      Damage    Failure   Level
 Apportation              Tloc           0%         N/A       83%         1
 Freeze                   Ice            0%         1d3       83%         1
 Kiss of Death            Conj/Necr      0%         2d5       83%         1
 Necrotise                Necr           0%         1d4       83%         1
 Sandblast                Erth           0%         2d4       83%         1
 Shock                    Conj/Air       0%         1d3       83%         1
 Slow                     Hex            0%         N/A       83%         1
 Sting                    Conj/Alch      0%         1d3       83%         1
 Summon Small Mammal      Summ           0%         N/A       83%         1
 Blink                    Tloc           0%         N/A       92%         2
 Call Imp                 Summ           0%         N/A       92%         2
 Cigotuvi's Dreadful Rot  Necr/Alch/Air  0%         N/A       92%         2
 Ensorcelled Hibernation  Hex/Ice        0%         N/A       92%         2
 Jinxbite                 Hex            0%         N/A       92%         2
 Lesser Beckoning         Tloc           0%         N/A       92%         2
 Mercury Vapours          Alch/Air       0%         N/A       92%         2
 Momentum Strike          Conj/Tloc      0%         3d8       92%         2
 Scorch                   Fire           0%         2d5       92%         2
 Searing Ray              Conj           0%         2d4       92%         2
 Static Discharge         Conj/Air       0%         3-3/arc   92%         2
 Sublimation of Blood     Necr           0%         N/A       92%         2
 Call Canine Familiar     Summ           0%         N/A       99%         3
 Confusing Touch          Hex            0%         N/A       99%         3
 Dazzling Flash           Conj/Hex       0%         N/A       99%         3
 Frozen Ramparts          Ice            0%         1d1       99%         3
 Fugue of the Fallen      Necr           0%         N/A       99%         3
 Gell's Gravitas          Tloc           0%         N/A       99%         3
 Hailstorm                Conj/Ice       0%         3d5       99%         3
 Mephitic Cloud           Conj/Alch/Air  0%         N/A       99%         3
 Ozocubu's Armour         Ice            0%         N/A       99%         3
 Passwall                 Erth           0%         N/A       99%         3
 Sigil of Binding         Hex            0%         N/A       99%         3
 Stone Arrow              Conj/Erth      0%         3d7       99%         3
 Summon Ice Beast         Ice/Summ       0%         N/A       99%         3
 Swiftness                Air            0%         N/A       99%         3
 Teleport Other           Tloc           0%         N/A       99%         3
 Tukima's Dance           Hex            0%         N/A       99%         3
 Vampiric Draining        Necr           0%         2d6       99%         3
 Volatile Blastmotes      Fire/Tloc      0%         2d10      99%         3
 Airstrike                Air            0%         2d(0-16)  100%        4
 Anguish                  Hex/Necr       0%         N/A       100%        4
 Animate Armour           Summ/Erth      0%         N/A       100%        4
 Brom's Barrelling Bould  Conj/Erth      0%         2d3       100%        4
 Cause Fear               Hex            0%         N/A       100%        4
 Dimensional Bullseye     Hex/Tloc       0%         N/A       100%        4
 Dispel Undead            Necr           0%         3d6       100%        4
 Flame Wave               Conj/Fire      0%         2d4       100%        4
 Fulminant Prism          Conj/Alch      0%         3d5       100%        4
 Ignite Poison            Fire/Alch      0%         N/A       100%        4
 Iskenderun's Mystic Bla  Conj/Tloc      0%         2d3       100%        4
 Leda's Liquefaction      Alch/Erth      0%         N/A       100%        4
 Manifold Assault         Tloc           0%         N/A       100%        4
 Martyr's Knell           Necr/Summ      0%         N/A       100%        4
 Olgreb's Toxic Radiance  Alch           0%         N/A       100%        4
 Passage of Golubria      Tloc           0%         N/A       100%        4
 Petrify                  Alch/Erth      0%         N/A       100%        4
 Sticky Flame             Fire/Alch      0%         2d4       100%        4
 Summon Blazeheart Golem  Fire/Summ      0%         N/A       100%        4
 Summon Lightning Spire   Summ/Air       0%         N/A       100%        4
 Alistair's Intoxication  Alch           0%         N/A       100%        5
 Curse of Agony           Necr           0%         N/A       100%        5
 Fireball                 Conj/Fire      0%         3d3       100%        5
 Freezing Cloud           Conj/Ice/Air   0%         6-21      100%        5
 Irradiate                Conj/Alch      0%         3d11      100%        5
 Iskenderun's Battlesphe  Conj           0%         2d6       100%        5
 Lee's Rapid Deconstruct  Erth           0%         3d4*      100%        5
 Metabolic Englaciation   Hex/Ice        0%         N/A       100%        5
 Silence                  Hex/Air        0%         N/A       100%        5
 Summon Forest            Summ/Tloc      0%         N/A       100%        5
 Summon Mana Viper        Hex/Summ       0%         N/A       100%        5
 Yara's Violent Unravell  Hex/Alch       0%         3d3       100%        5
 Bombard                  Conj/Erth      0%         9d1       100%        6
 Conjure Ball Lightning   Conj/Air       0%         3x3d6     100%        6
 Dispersal                Tloc           0%         N/A       100%        6
 Eringya's Noxious Bog    Alch           0%         4d6       100%        6
 Sculpt Simulacrum        Ice/Alch       0%         N/A       100%        6
 Starburst                Conj/Fire      0%         6d3       100%        6
 Summon Cactus Giant      Summ           0%         N/A       100%        6
 Enfeeble                 Hex            0%         N/A       100%        7
 Malign Gateway           Summ/Tloc      0%         N/A       100%        7
 Monstrous Menagerie      Summ           0%         N/A       100%        7
 Ozocubu's Refrigeration  Ice            0%         4d7       100%        7
 Spellforged Servitor     Conj/Summ      0%         N/A       100%        7
 Summon Hydra             Summ           0%         N/A       100%        7
 Discord                  Hex            0%         N/A       100%        8
 Disjunction              Tloc           0%         N/A       100%        8
 Ignition                 Fire           0%         3d3       100%        8
 Infestation              Necr           0%         N/A       100%        8
 Lehudib's Crystal Spear  Conj/Erth      0%         10d2      100%        8
 Maxwell's Capacitive Co  Air            0%         ∞         100%        8
 Chain Lightning          Conj/Air       0%         N/A       100%        9
 Fire Storm               Conj/Fire      0%         5d1       100%        9
 Polar Vortex             Ice            0%         N/A       100%        9
 Shatter                  Erth           0%         3d5*      100%        9


Dungeon Overview and Level Annotations

Branches:
Dungeon (15/15)            Temple (0/1) D:5            Lair (5/5) D:10
 Shoals (4/4) Lair:3        Snake (4/4) Lair:2        Slime (5/5) Lair:5
    Orc (2/2) D:12            Elf (3/3) Orc:2        Vaults (5/5) D:14
  Crypt (3/3) Vaults:3       Tomb (0/3) Crypt:3      Depths (4/4) D:15
   Hell (visited)             Dis (0/7) Hell            Geh (7/7) Hell
    Coc (0/7) Hell            Tar (0/7) Hell            Zot (4/5) Depths:4
  Sewer (visited)           IceCv (visited)         Volcano (visited)
 WizLab (visited)         Gauntlet (visited)

Altars:
Ashenzari
Dithmenos
Gozag
Hepliaklqana
Kikubaaqudgha
Makhleb
Nemelex Xobeh
Okawaru
Ru
Sif Muna
Trog
Vehumet
Wu Jian
Yredelemnul
The Shining One

Shops:
D:4 *   D:6 (   D:12 (   Orc:1 *   Orc:2 [[((   Elf:1 ?   Snake:2 :   Snake:4 ?
Vaults:2 ?   Vaults:4 [

Portals:
Hell: Depths:1 Depths:2 Depths:3 Depths:4
Abyss: Depths:2 Depths:3 Depths:4
Pandemonium: Depths:2
Trove: D:14 (give +5 demon blade)

Annotations:
Zot:2 3 runed translucent doors, Sebriys's ghost, legendary TrBe


Innate Abilities, Weirdness & Mutations

You have a pair of horns on your head.
You reflexively headbutt those who attack you in melee.
Armour fits poorly on your strangely shaped body.
Your body sometimes deteriorates upon taking damage.
You are frail. (-10% HP)
You are occasionally teleported next to monsters.
Your spells are a little easier to cast, but a little less powerful.
[You sometimes lose your temper in combat.]
[You are weak. (Str -2)]


Message History

You kill the neqoxec!
The Shining One accepts your kill.
You feel better.
The silver javelin pierces through the starcursed mass!!
The starcursed mass is heavily damaged.
The starcursed mass shudders and is absorbed by its neighbour.
You block the balrug's attack.
A cacophony of accursed wailing tears at your sanity!
* * * LOW HITPOINT WARNING * * *
You suddenly lose the ability to move!
The hellephant blinks!
A starcursed mass splits.
You feel the corruption within you wane somewhat.
You feel stronger.
You feel a little less angry.
Your base Maces & Flails skill increases to level 11!
A starcursed mass splits.
The will-o-the-wisp engulfs you but does no damage.
The neqoxec gestures at you. Something gnaws heavily on your mind!
* * * LOW HITPOINT WARNING * * *
You feel your power leaking away.
The ufetubus hits you but does no damage.
The ufetubus barely misses you.
The crystal guardian fires a crystalline bolt at you.
The crystal bolt burns you. You resist.
* * * LOW HITPOINT WARNING * * *
The crystal bolt burns you! You resist.
* * * LOW HITPOINT WARNING * * *
The crystal bolt burns the crystal guardian.
The crystal guardian completely resists.
The crystal bolt burns the bone dragon!
The bone dragon resists.
The balrug hits you but does no damage.
A starcursed mass splits.
The ufetubus hits you.
* * * LOW HITPOINT WARNING * * *
The ufetubus hits you but does no damage.
The balrug hits you but does no damage. The will-o-the-wisp engulfs you.
* * * LOW HITPOINT WARNING * * *
The glowing orange brain pulsates ominously.
The glowing orange brain pulsates.
Something gnaws heavily on your mind!
You die...

▓▓▓▓▓▓▓▓▓▓
((X...5x@▓▓
X.X3tnX92v▓▓
..Xx.F†Gn..▓▓
.§XX3DX5X...▓▓
()X3X3.5X....▓▓
(.XXX.X.......▓▓
..53.........∩.▓
..............▓▓
............▓▓


You could see a bone dragon, 15 starcursed masses, a balrug, a crystal guardian,
a glowing orange brain, an ancient zyme, an apocalypse crab, a goliath frog
(summoned), a worldbinder (summoned), a will-o-the-wisp, 2 bog bodies, 2 smoke
demons, 2 neqoxecs, a ynoxinul (summoned) and 4 ufetubi.

Vanquished Creatures
  the Royal Jelly (Slime:5)
  2 dread liches
  Khufu (Crypt:3)
  3 ancient liches
  2 juggernauts
  2 royal mummies (Crypt:3)
  Vv (Zot:1)
  A Killer Klown (Zig:4)
  The ghost of Iceingye the Warrior, an adept DrSh of Okawaru (Depths:1)
  A caustic shrike (Depths:2)
  Boris (Crypt:3)
  Margery (Crypt:2)
  Parghit (Zot:3)
  A Head Instructor (WizLab)
  2 curse toes
  Geryon (Hell)
  Vashnia (Snake:4)
  Jory (Depths:3)
  2 profane servitors
  the Enchantress (Depths:3)
  A bone dragon (Crypt:3)
  Nikola (Depths:2)
  The ghost of Pikuto the Slayer, an adept MiBe of Trog (Depths:1)
  4 golden dragons
  A Brimstone Fiend (Geh:3)
  An electric golem (Zot:4)
  Rupert (Lair:3)
  4 iron giants (Zig:15)
  Mlioglotl (Shoals:2)
  3 hellephants
  14 tentacled monstrosities
  3 Hell Sentinels (Zig:15)
  The ghost of Gygal Fez the Peltast, an adept MiFi of Okawaru (Snake:3)
  20 titans
  8 liches
  11 deep elf blademasters
  14 quicksilver dragons
  12 searing wretches
  15 acid blobs
  3 Executioners
  6 deep elf master archers
  3 death cobs
  A thorn hunter (Zig:7)
  9 shadow dragons
  3 tentacled starspawn
  7 tengu reavers
  6 sphinxes
  4 ancient champions
  The ghost of Baixascha the Fencer, an adept AtBr of Gozag (Shoals:3)
  11 storm dragons
  The ghost of Tievo the Marksfrog, an adept BaHu of Gozag (Elf:2)
  Aizul (Elf:2)
  4 draconian monks
  5 protean progenitors
  Ilsuiw (Shoals:2)
  A revenant (Crypt:1)
  10 nagarajas
  9 rockslimes
  5 draconian knights
  7 azure jellies
  34 fire giants
  3 quicksilver elementals (Zig:15)
  7 deep elf sorcerers
  6 deep elf elementalists
  5 iron dragons
  9 balrugs
  27 frost giants
  3 emperor scorpions
  A shard shrike simulacrum (Hell)
  6 draconian scorchers
  5 orc warlords
  4 curse skulls
  3 draconian shifters
  A ghoul (Crypt:3)
  5 reapers
  8 ghost moths
  A cacodemon (Abyss:3)
  14 vault wardens
  2 draconian stormcallers
  7 spriggan defenders
  33 very ugly things
  10 quicksilver oozes
  25 ironbound preservers
  30 stone giants
  An ophan (Abyss:3)
  An elemental wellspring (Hell)
  A caustic shrike skeleton (Crypt:3)
  5 draconian annihilators
  A demonspawn corrupter (Zig:16)
  5 formless jellyfish
  The ghost of Consumeair16 the Severer, a journeyman HOFi of Zin (D:13)
  8 ironbound thunderhulks
  12 vampire knights
  17 green draconians
  3 lorocyprocas (Hell)
  2 putrid mouths (Hell)
  8 black draconians
  3 red draconians
  8 deep elf demonologists
  A minotaur (Gauntlet)
  14 deep elf death magi
  3 dire elephants (Vaults:3)
  10 deep elf annihilators
  6 war gargoyles
  2 eleionomae (Zig:7)
  A wendigo (Hell)
  10 white draconians
  9 yellow draconians
  10 purple draconians
  5 spark wasps (Depths:2)
  The ghost of Liamsmithers the Warrior, a journeyman MiFi of Hepliaklqana (D:12)
  5 crystal guardians
  8 iron golems
  11 jiangshi
  12 eidola
  10 ettins
  8 merfolk javelineers
  3 entropy weavers
  18 fire dragons
  Josephine (Orc:1)
  6 merfolk impalers
  2 fenstrider witch zombies
  11 yaktaur captains
  A spriggan zombie (Hell)
  10 salamander tyrants
  Harold (Lair:1)
  4 deep elf high priests
  A rakshasa (Depths:1)
  32 vault guards
  5 ogre magi
  9 great orbs of eyes
  8 ice dragons
  5 spriggan air magi
  2 hell beasts
  3 stokers
  9 hydras
  2 peacekeepers
  A juggernaut simulacrum (Hell)
  2 boulder beetles
  A caustic shrike simulacrum (Hell)
  4 merfolk avatars
  2 radroaches (Zig:11)
  A jorogumo (Zig:6)
  8 ironbound frosthearts
  11 anacondas
  A spriggan skeleton (Crypt:3)
  3 catoblepae (Lair:5)
  2 death knights (Vaults:3)
  15 death yaks
  2 alligator snapping turtles (Shoals:4)
  A two-headed ogre (shapeshifter) (D:14)
  2 alligators (Zig:7)
  13 centaur warriors
  5 merfolk aquamancers
  7 deep troll shamans
  5 vampire magi
  A sphinx skeleton (Depths:2)
  22 naga warriors
  3 occultists
  4 satyrs
  9 spriggan berserkers
  A demonic crawler (Hell)
  Urug (Lair:2)
  12 two-headed ogres
  41 hell hogs
  37 dancing weapons
  11 deep troll earth magi
  6 tengu warriors
  11 spriggans
  2 titan zombies
  7 shock serpents
  4 orc high priests
  Nergalle (Lair:1)
  2 thrashing horrors (Zig:16)
  20 naga sharpshooters
  15 hell knights
  28 deep elf knights
  2 skysharks (shapeshifter)
  10 iron trolls
  2 sixfirhies (Abyss:3)
  7 soul eaters
  9 sun demons
  3 salamander mystics
  4 crystal echidnas (Zig:15)
  A spatial maelstrom (Zig:16)
  14 shadow wraiths
  18 skeletal warriors
  4 skysharks
  6 wretched stars
  A goliath frog (Zig:7)
  4 pharaoh ants
  2 anaconda zombies
  16 sea snakes
  10 flayed ghosts
  A glowing orange brain (shapeshifter) (Vaults:1)
  75 deep trolls
  4 shadow demons
  2 storm dragon skeletons (Depths:2)
  3 spectral merfolk (Shoals:3)
  2 mana vipers (shapeshifter)
  2 orb spiders
  20 deep elf archers
  A swamp dragon (Zig:13)
  8 arcanists
  4 glowing orange brains
  15 phantasmal warriors
  21 mana vipers
  2 bunyip skeletons
  A kraken simulacrum (Shoals:4)
  7 naga ritualists
  An iron giant skeleton (Crypt:3)
  A wolf spider (Zig:11)
  6 obsidian statues
  10 orc knights
  A tengu zombie (Crypt:1)
  4 orange crystal statues
  7 lindwurms
  A broodmother zombie (Crypt:1)
  22 ironbound convokers
  An anaconda skeleton (Crypt:2)
  30 deep elf pyromancers
  17 harpies
  3 steelbarb worms
  A spectral satyr (Shoals:3)
  27 ugly things
  6 orc sorcerers
  A will-o-the-wisp (Zig:7)
  2 worldbinders
  41 deep elf zephyrmancers
  13 necromancers
  18 salamanders
  14 starcursed masses
  10 manticores
  4 shining eyes
  9 elephants
  7 cyclopes
  17 large abominations
  4 meliai
  2 dire elephant zombies (Crypt:3)
  16 fauns
  An iron dragon skeleton (Crypt:2)
  17 moths of wrath
  15 vault sentinels
  39 black mambas
  4 kobold blastminers
  12 guardian serpents
  12 naga magi
  5 merfolk sirens
  2 torpor snails
  An apocalypse crab (Zig:16)
  An ice statue (Zig:2)
  2 eleionoma skeletons
  2 gargoyles
  An elephant (shapeshifter) (Zig:4)
  15 cane toads
  5 water nymphs
  4 rust devils (Hell)
  6 smoke demons
  A storm dragon simulacrum (Hell)
  A molten gargoyle (Hell)
  3 centaur skeletons
  An eye of devastation (Slime:4)
  An elephant slug zombie (Crypt:1)
  An orange demon (Abyss:3)
  A dire elephant skeleton (Crypt:2)
  5 hellions
  5 freezing wraiths
  5 unseen horrors (Depths:2)
  3 efreet
  4 kobold demonologists
  8 rime drakes
  19 yaktaurs
  15 komodo dragons
  A bunyip simulacrum (Hell)
  5 tengu conjurers
  12 tormentors
  4 ancient zymes
  A minotaur skeleton (Crypt:1)
  A merfolk (shapeshifter) (D:12)
  34 merfolk
  7 trolls
  A harpy zombie (Crypt:1)
  A tarantella (shapeshifter) (Vaults:1)
  A harpy skeleton (Hell)
  4 polar bears
  A red draconian skeleton (Crypt:2)
  A hellwing (Zig:16)
  A tyrant leech (Zig:7)
  11 hornets
  A wind drake (shapeshifter) (Abyss:3)
  9 wind drakes
  Grinder (D:4)
  An iron troll skeleton (Crypt:2)
  3 raiju
  2 glass eyes
  2 tarantellas
  17 blink frogs
  A stone giant simulacrum (Crypt:1)
  24 dream sheep
  A wolf spider simulacrum (Gauntlet)
  8 snapping turtles
  62 slime creatures
  A spectral wind drake (Shoals:3)
  3 air elementals (Elf:1)
  A culicivora (shapeshifter) (Vaults:5)
  A culicivora (Zig:11)
  3 shadows
  An orc simulacrum (Hell)
  13 wraiths
  A ynoxinul (Depths:2)
  11 wyverns
  4 centaur simulacra
  A naga simulacrum (Hell)
  A jumping spider (Zig:11)
  8 water elementals
  2 fire elementals (Elf:2)
  9 basilisks
  10 fire bats
  53 yaks
  Grum (D:8)
  2 unseen horror simulacra (D:9)
  An alligator snapping turtle simulacrum (Hell)
  6 neqoxecs
  4 wargs
  3 steam dragons
  4 death yak simulacra (Lair:5)
  5 chaos spawn
  18 vampire mosquitoes
  41 nagas
  6 acid dragons
  3 naga zombies
  3 hydra simulacra
  12 hell hounds (Hell)
  15 water moccasins
  A swamp drake (Zig:13)
  3 black bears
  A swamp worm (shapeshifter) (Depths:2)
  40 laughing skulls
  33 orc warriors
  7 ice beasts
  A black mamba simulacrum (Hell)
  3 sky beasts
  7 ogres
  3 wolves
  A tengu (shapeshifter) (Depths:2)
  5 centaurs
  5 boggarts
  A phantom (D:6)
  6 kobold brigands
  A salamander zombie (Crypt:1)
  21 bullfrogs
  3 merfolk simulacra (Shoals:3)
  A brain worm (Abyss:3)
  A demonspawn simulacrum (Hell)
  A yaktaur skeleton (Crypt:1)
  5 earth elementals
  A gnoll sergeant (D:10)
  3 necrophages (Crypt:3)
  A scorpion (D:4)
  9 small abominations
  16 wights
  A cane toad simulacrum (Gauntlet)
  2 manticore simulacra (Shoals:3)
  5 elephant simulacra
  A polar bear zombie (Crypt:2)
  A snapping turtle simulacrum (Shoals:3)
  A wolf zombie (Crypt:2)
  A troll skeleton (Crypt:1)
  5 electric eels (D:9)
  9 howler monkeys
  16 orc priests
  A gnoll bouda (D:9)
  6 hounds
  3 jellies
  3 sleepcaps
  An iguana (D:5)
  30 orc wizards
  A polar bear simulacrum (IceCv)
  6 hell rats
  A wolf simulacrum (IceCv)
  A mummy (Crypt:3)
  8 gnolls
  17 adders
  5 river rats
  3 shadow imps
  7 white imps
  2 hell rat simulacra (Lair:5)
  A howler monkey simulacrum (D:9)
  3 ufetubi
  3 dart slugs
  3 ribbon worms
  61 orcs
  5 bats
  6 endoplasms
  2 giant cockroaches
  12 goblins
  5 hobgoblins
  7 jackals
  22 kobolds
  6 quokkas
  15 ball pythons
  8 frilled lizards
  22 rats
  2 fire vortices (Geh:7)
  A lurking horror (Abyss:3)
  10 starspawn tentacles
2919 creatures vanquished.

Vanquished Creatures (others)
  A tentacled starspawn (Zig:16)
  2 fire giants
  A deep elf annihilator (Elf:3)
  A vampire mage (Crypt:2)
  2 deep elf knights
  A deep elf archer (Elf:3)
  An arcanist (D:4)
  A rime drake (Zig:13)
  A raiju (Zig:16)
  A naga (Zig:2)
  An orc warrior (D:14)
  A small abomination (Abyss:3)
  A creeping inferno (Geh:7)
  23 foxfires
  11 starspawn tentacles
49 creatures vanquished.

Grand Total: 2968 creatures vanquished

Notes
Turn   | Place    | Note
-------+----------+-------------------------------------------
     0 | D:1      | jimmypageman the Minotaur Fighter began the quest for the
                  | Orb.
     0 | D:1      | Reached XP level 1. HP: 19/19 MP: 0/0
   133 | D:1      | Reached XP level 2. HP: 27/27 MP: 1/1
   234 | D:1      | You fall into a shaft and drop 1 floor!
   372 | D:2      | Reached XP level 3. HP: 27/33 MP: 2/2
  1757 | D:3      | Reached XP level 4. HP: 40/40 MP: 3/3
  2098 | D:3      | Found a shimmering blue altar of Sif Muna.
  2783 | D:4      | Reached XP level 5. HP: 46/46 MP: 4/4
  2796 | D:4      | Found Caur's Assorted Antiques.
  2805 | D:4      | Bought a scroll of identify for 52 gold pieces
  2805 | D:4      | Bought a coppery potion for 23 gold pieces
  2805 | D:4      | Bought a ruby potion for 23 gold pieces
  2898 | D:4      | Found a shadowy altar of Dithmenos.
  2972 | D:4      | Reached skill level 5 in Axes
  3189 | D:4      | Noticed a black bear
  3196 | D:4      | Killed a black bear
  3197 | D:4      | Reached skill level 5 in Shields
  3197 | D:4      | Reached XP level 6. HP: 52/53 MP: 5/5
  3202 | D:4      | Found an ornate altar of the Wu Jian Council.
  3348 | D:4      | Found a glowing golden altar of the Shining One.
  3463 | D:4      | Noticed Grinder
  3465 | D:4      | Found an iron altar of Okawaru.
  3472 | D:4      | Killed Grinder
  3473 | D:4      | Reached skill level 5 in Armour
  3473 | D:4      | Reached skill level 1 in Dodging
  3473 | D:4      | Reached XP level 7. HP: 45/60 MP: 6/6
  3480 | D:4      | Became a worshipper of Warmaster Okawaru
  3669 | D:4      | Found a bloodstained altar of Trog.
  3671 | D:4      | Noticed a wizard
  3675 | D:4      | Killed a wizard
  3760 | D:5      | Entered Level 5 of the Dungeon
  3847 | D:5      | Found a glowing drain.
  3852 | Sewer    | Entered a sewer
  4128 | Sewer    | Reached * piety under Okawaru
  4129 | Sewer    | Reached skill level 1 in Invocations
  4293 | D:5      | Found a staircase to the Ecumenical Temple.
  4370 | D:5      | Reached XP level 8. HP: 58/67 MP: 8/8
  4610 | D:5      | Reached skill level 5 in Fighting
  4631 | D:5      | Found a sacrificial altar of Ru.
  4659 | D:5      | Found a basalt altar of Yredelemnul.
  5316 | D:6      | Reached ** piety under Okawaru
  5560 | D:6      | Found Punoetuf's Antique Weapon Shop.
  5600 | D:6      | Reached skill level 10 in Axes
  5603 | D:6      | Reached XP level 9. HP: 38/69 MP: 10/10
  5768 | D:6      | Found a burning altar of Makhleb.
  6008 | D:7      | Reached *** piety under Okawaru
  6548 | D:7      | Reached **** piety under Okawaru
  6776 | D:8      | Noticed Grum
  6786 | D:8      | Killed Grum
  6787 | D:8      | Reached XP level 10. HP: 70/84 MP: 12/12
  6999 | D:8      | Found a sparkling altar of Nemelex Xobeh.
  7195 | D:8      | Found a hazy altar of Hepliaklqana.
  7244 | D:8      | Reached ***** piety under Okawaru
  7742 | D:9      | Noticed a two-headed ogre
  7925 | D:9      | Received a gift from Okawaru
  8355 | D:9      | Killed a two-headed ogre
  8356 | D:9      | Reached skill level 5 in Invocations
  8426 | D:9      | Reached XP level 11. HP: 63/92 MP: 13/13
  8893 | D:8      | Reached skill level 10 in Shields
  9098 | D:9      | Received a gift from Okawaru
  9429 | D:10     | Entered Level 10 of the Dungeon
  9439 | D:10     | Noticed a death yak
  9445 | D:10     | Reached skill level 15 in Axes
  9464 | D:10     | Killed a death yak
  9471 | D:10     | Found a staircase to the Lair.
  9836 | D:10     | Received a gift from Okawaru
 10474 | D:11     | Noticed a two-headed ogre
 10479 | D:11     | Killed a two-headed ogre
 10482 | D:11     | Noticed a two-headed ogre
 10483 | D:11     | Found a frozen archway.
 10491 | D:11     | Killed a two-headed ogre
 10506 | IceCv    | Entered an ice cave
 10506 | IceCv    | Noticed a white ugly thing
 10519 | IceCv    | Killed a white ugly thing
 10544 | IceCv    | Found a transporter.
 10548 | IceCv    | Noticed a white ugly thing
 10554 | IceCv    | Found a transporter.
 10841 | D:11     | Noticed a skeletal warrior
 10843 | D:11     | Noticed a skeletal warrior
 10843 | D:11     | Noticed a skeletal warrior
 11188 | D:11     | Reached XP level 12. HP: 77/103 MP: 15/15
 12091 | D:12     | Found Vuduoc's Antique Weapon Shoppe.
 12114 | D:12     | Found a runed translucent gate.
 12114 | D:12     | Found a runed translucent gate.
 12114 | D:12     | Found an opulent altar of Gozag.
 12114 | D:12     | Found a runed translucent gate.
 12114 | D:12     | Noticed Liamsmithers's ghost (journeyman MiFi)
 12114 | D:12     | Noticed an ettin
 12114 | D:12     | Noticed a boulder beetle
 12131 | D:12     | Noticed a boulder beetle
 12133 | D:12     | a boulder beetle changed into a quicksilver ooze
 12133 | D:12     | Noticed a quicksilver ooze
 12140 | D:12     | Killed a quicksilver ooze
 12443 | D:12     | Noticed a two-headed ogre
 12461 | D:12     | Killed a two-headed ogre
 12461 | D:12     | Received a gift from Okawaru
 12464 | D:12     | Reached skill level 10 in Armour
 12801 | D:12     | Killed Liamsmithers's ghost
 13633 | D:12     | Found a staircase to the Orcish Mines.
 13816 | D:12     | Received a gift from Okawaru
 13929 | D:12     | Killed a boulder beetle
 14072 | Lair:1   | Entered Level 1 of the Lair of Beasts
 14218 | Lair:1   | Noticed Nergalle
 14231 | Lair:1   | Killed Nergalle
 14260 | Lair:1   | Reached skill level 10 in Fighting
 14397 | Lair:1   | Found a dark tunnel.
 14404 | Volcano  | Entered a volcano
 14674 | Volcano  | Reached XP level 13. HP: 83/113 MP: 17/17
 14754 | Volcano  | Received a gift from Okawaru
 15031 | Volcano  | Noticed a fire dragon
 15048 | Volcano  | Killed a fire dragon
 15381 | Lair:1   | Noticed Harold
 15392 | Lair:1   | Killed Harold
 15594 | Lair:1   | You fall into a shaft and drop 1 floor!
 15827 | Lair:2   | Found a staircase to the Snake Pit.
 15897 | Lair:2   | Received a gift from Okawaru
 16092 | Lair:2   | Noticed Urug
 16106 | Lair:2   | Killed Urug
 16720 | Lair:3   | Noticed Rupert
 16815 | Lair:3   | Found a staircase to the Shoals.
 17289 | Lair:3   | Reached skill level 15 in Shields
 17377 | Lair:3   | Received a gift from Okawaru
 17514 | Lair:3   | Killed Rupert
 17515 | Lair:3   | Reached skill level 1 in Throwing
 17835 | Lair:3   | Reached XP level 14. HP: 125/125 MP: 17/19
 18643 | Lair:4   | Received a gift from Okawaru
 19131 | Lair:5   | Entered Level 5 of the Lair of Beasts
 20109 | Lair:5   | Found a staircase to the Slime Pits.
 20446 | Lair:5   | Received a gift from Okawaru
 20823 | Lair:5   | Reached ****** piety under Okawaru
 20824 | Lair:5   | Acquired a +2 broad axe of electrocution
 20824 | Lair:5   | Received a gift from Okawaru
 20826 | Lair:5   | Acquired the +3 pair of seven-league boots {Rampage+∞}
 20826 | Lair:5   | Received a gift from Okawaru
 20826 | Lair:5   | Found the +3 pair of seven-league boots {Rampage+∞}
 20942 | Lair:5   | Received a gift from Okawaru
 21255 | Lair:5   | Reached skill level 10 in Invocations
 21708 | Orc:1    | Entered Level 1 of the Orcish Mines
 21708 | Orc:1    | Found Opyg Sywn's Assorted Antiques.
 21715 | Orc:1    | Bought a scroll labelled XUHOCE QEAF for 31 gold pieces
 21715 | Orc:1    | Bought an emerald potion for 27 gold pieces
 21715 | Orc:1    | Bought 2 potions of heal wounds for 310 gold pieces
 21715 | Orc:1    | Bought a scroll of identify for 62 gold pieces
 21735 | Orc:1    | Reached XP level 15. HP: 136/136 MP: 21/21
 21861 | Orc:2    | Entered Level 2 of the Orcish Mines
 22781 | Orc:2    | Paralysed by an orc sorcerer for 2 turns
 22813 | Orc:2    | Found a staircase to the Elven Halls.
 22875 | Orc:2    | Found Vesomon's Antique Armour Shoppe.
 22875 | Orc:2    | Found Fydohaus's Armour Shoppe.
 22888 | Orc:2    | Found Venah's Weapon Shop.
 22888 | Orc:2    | Found Vuptabbo's Weapon Shop.
 22904 | Orc:2    | Bought a +1 tower shield of fire resistance for 247 gold
                  | pieces
 23189 | Orc:1    | Noticed Josephine
 23203 | Orc:1    | Killed Josephine
 23499 | D:12     | Received a gift from Okawaru
 23559 | D:13     | Noticed a shadow dragon
 23559 | D:13     | Noticed Consumeair16's ghost (journeyman HOFi)
 23561 | D:13     | Found a transporter.
 24112 | D:13     | Found a transporter.
 24527 | D:14     | Noticed a fire giant
 24536 | D:14     | Killed a fire giant
 24537 | D:14     | Received a gift from Okawaru
 24821 | D:14     | Reached skill level 5 in Dodging
 24828 | D:14     | Found a gate to the Vaults.
 24930 | D:14     | Found a portal to a secret trove of treasure.
 25156 | D:15     | Entered Level 15 of the Dungeon
 25172 | D:15     | Found a staircase to the Depths.
 25172 | D:15     | Noticed a fire giant
 25246 | D:15     | Found a gate leading to a gauntlet.
 25256 | Gauntlet | Entered a Gauntlet
 25256 | Gauntlet | Found a transporter.
 25256 | Gauntlet | Found a transporter.
 25261 | Gauntlet | Found a transporter.
 25276 | Gauntlet | Found a transporter.
 25292 | Gauntlet | Found a transporter.
 25304 | Gauntlet | Found a transporter.
 25320 | Gauntlet | Found a transporter.
 25386 | Gauntlet | Found a transporter.
 25401 | Gauntlet | Found a transporter.
 25419 | Gauntlet | Found a transporter.
 25428 | Gauntlet | Found a transporter.
 25444 | Gauntlet | Found a transporter.
 25511 | Gauntlet | Found a transporter.
 25523 | Gauntlet | Found a transporter.
 25555 | Gauntlet | Found a transporter.
 25565 | Gauntlet | Found a transporter.
 25716 | Gauntlet | Identified the +1 pair of gloves "Facw" {rPois MP+9}
 25830 | Gauntlet | Identified the +7 dagger of the Hurting Augurer {freeze,
                  | rElec Dex+2}
 25851 | Gauntlet | Identified the +5 hand cannon "Heisei" {heavy, rC+ Dex+5}
 25880 | Gauntlet | Identified the +4 ring mail of the Moon Troll {rF- Will++
                  | Str+2}
 25884 | Gauntlet | Got the Vellum of the Dark Mantle
 26039 | D:15     | Killed a fire giant
 26315 | D:15     | Found a sacrificial altar of Ru.
 26690 | Snake:1  | Entered Level 1 of the Snake Pit
 26802 | Snake:1  | Reached XP level 16. HP: 145/146 MP: 23/23
 26820 | Snake:1  | Received a gift from Okawaru
 27343 | Snake:1  | Received a gift from Okawaru
 27922 | Snake:2  | Found Ymuafe's Self-Published Books.
 28365 | Snake:3  | Found a large runed translucent door.
 28365 | Snake:3  | Found a large runed translucent door.
 28369 | Snake:3  | Noticed Gygal Fez's ghost (adept MiFi)
 28718 | Snake:3  | Received a gift from Okawaru
 29159 | Snake:3  | Received a gift from Okawaru
 29509 | Snake:3  | Killed Gygal Fez's ghost
 29538 | Snake:4  | Entered Level 4 of the Snake Pit
 29717 | Snake:4  | Received a gift from Okawaru
 29735 | Snake:4  | Identified the +3 flail of Bodox {protect, rPois Str+2
                  | Int+5}
 29769 | Snake:4  | Reached XP level 17. HP: 146/154 MP: 24/24
 29831 | Snake:4  | Found Huafuxki's Magic Scroll Shoppe.
 29835 | Snake:4  | Bought a scroll of blinking for 120 gold pieces
 30333 | Snake:4  | Reached skill level 15 in Fighting
 30463 | Snake:4  | Received a gift from Okawaru
 30497 | Snake:4  | Got a serpentine rune of Zot
 30739 | Snake:4  | Noticed Vashnia
 30755 | Snake:4  | Killed Vashnia
 31335 | Snake:4  | Identified the blade talisman of Lethargy {MP+9}
 31489 | Shoals:1 | Entered Level 1 of the Shoals
 31694 | Shoals:1 | Received a gift from Okawaru
 32334 | Shoals:2 | Noticed Mlioglotl
 32358 | Shoals:2 | Killed Mlioglotl
 32654 | Shoals:2 | Noticed Ilsuiw
 32693 | Shoals:2 | Killed Ilsuiw
 33112 | Shoals:2 | Received a gift from Okawaru
 33306 | Shoals:3 | Reached skill level 15 in Armour
 33342 | Shoals:3 | Reached XP level 18. HP: 167/168 MP: 26/26
 33451 | Shoals:3 | Found a runed translucent gate.
 33451 | Shoals:3 | Found a runed translucent gate.
 33451 | Shoals:3 | Found a runed translucent gate.
 33502 | Shoals:3 | Noticed Baixascha's ghost (adept AtBr)
 34149 | Shoals:3 | Killed Baixascha's ghost
 34209 | Shoals:4 | Entered Level 4 of the Shoals
 34225 | Shoals:4 | Received a gift from Okawaru
 34589 | Shoals:4 | Got Sif Muna's Monograph on Conjury and Effluvium
 34658 | Shoals:4 | Received a gift from Okawaru
 34715 | Shoals:4 | Identified the +1 sling "Porran" {heavy, rCorr Int-3 Dex+2
                  | SInv}
 34873 | Shoals:4 | Identified the +5 ring mail of Marbles {rPois rN+ Slay+6
                  | Stlth-}
 35011 | Shoals:4 | Received a gift from Okawaru
 35075 | Shoals:4 | Identified the ring "Guor" {rElec Will+ Int+2 Dex+7 SInv}
 35151 | Shoals:4 | Got a barnacled rune of Zot
 35788 | Vaults:1 | Entered Level 1 of the Vaults
 36143 | Vaults:1 | Found a transporter.
 36161 | Vaults:1 | Found a transporter.
 36388 | Vaults:1 | Received a gift from Okawaru
 36692 | Vaults:1 | Paralysed by a formless jellyfish for 1 turns
 36697 | Vaults:1 | Reached XP level 19. HP: 164/185 MP: 27/27
 36924 | Vaults:1 | Identified the ring of Maydaa Irec {rN+ Dex+2}
 37259 | Vaults:2 | Found Uphumm's Magic Scroll Emporium.
 37265 | Vaults:2 | Bought a scroll of teleportation for 39 gold pieces
 37265 | Vaults:2 | Bought a scroll of teleportation for 39 gold pieces
 37265 | Vaults:2 | Bought a scroll of blinking for 97 gold pieces
 37265 | Vaults:2 | Bought a scroll of fear for 52 gold pieces
 37287 | Vaults:2 | Received a gift from Okawaru
 38055 | Vaults:3 | Found a magical portal.
 38067 | WizLab   | Entered Yara's Duelist Academy
 38278 | WizLab   | Noticed Jacwelak
 38281 | Abyss:2  | Cast into level 2 of the Abyss (an occultist)
 38508 | Abyss:2  | Found a hazy altar of Hepliaklqana.
 38512 | Abyss:2  | Found a corrupted altar of Lugonu.
 38512 | Abyss:2  | Found a corrupted altar of Lugonu.
 38512 | Abyss:2  | Found a hazy altar of Hepliaklqana.
 38512 | Abyss:2  | Found a corrupted altar of Lugonu.
 38512 | Abyss:2  | Found a hazy altar of Hepliaklqana.
 38517 | WizLab   | Escaped the Abyss
 38539 | WizLab   | Killed Jacwelak the Head Instructor
 38539 | WizLab   | Received a gift from Okawaru
 38895 | Vaults:3 | Identified the +11 spear "Yluhit" {spect, rPois rF+}
 38972 | Vaults:3 | Found a staircase to the Crypt.
 39065 | Vaults:3 | Received a gift from Okawaru
 39489 | Vaults:3 | Reached XP level 20. HP: 117/203 MP: 28/28
 40012 | Vaults:4 | Noticed a dread lich
 40015 | Vaults:4 | Received a gift from Okawaru
 40021 | Vaults:4 | Killed a dread lich
 40405 | Vaults:4 | Received a gift from Okawaru
 40691 | Vaults:4 | Found Maste's Armour Shop.
 40695 | Vaults:4 | Bought a +2 tower shield of reflection for 333 gold pieces
 41468 | D:13     | Killed Consumeair16's ghost
 41684 | Elf:1    | Entered Level 1 of the Elven Halls
 41706 | Elf:1    | Received a gift from Okawaru
 41932 | Elf:1    | Found Ymeanedgh's Magic Scroll Shop.
 42246 | Elf:1    | Received a gift from Okawaru
 42344 | Elf:1    | Bought a scroll of fear for 52 gold pieces
 42344 | Elf:1    | Bought a scroll of enchant armour for 97 gold pieces
 42344 | Elf:1    | Bought a scroll of teleportation for 39 gold pieces
 42466 | Elf:1    | Paralysed by an air elemental for 1 turns
 42814 | Elf:2    | Got Sif Muna's Secrets of Blows
 42823 | Elf:2    | Found a radiant altar of Vehumet.
 42878 | Elf:2    | Reached XP level 21. HP: 220/220 MP: 29/29
 42899 | Elf:2    | Identified the +0 robe of Foolhardiness {+Blink rElec}
 42940 | Elf:2    | Found a huge runed translucent gate.
 42940 | Elf:2    | Found a huge runed translucent gate.
 42940 | Elf:2    | Found a huge runed translucent gate.
 42940 | Elf:2    | Found a huge runed translucent gate.
 42940 | Elf:2    | Found a huge runed translucent gate.
 42941 | Elf:2    | Found a huge runed translucent gate.
 42941 | Elf:2    | Found a huge runed translucent gate.
 42941 | Elf:2    | Found a huge runed translucent gate.
 43004 | Elf:2    | Noticed Tievo's ghost (adept BaHu)
 43004 | Elf:2    | Found the +2 pair of slick slippers {slick, slippery, EV+4}
 43016 | Elf:2    | Found a runed translucent gate.
 43016 | Elf:2    | Found a runed translucent gate.
 43016 | Elf:2    | Found a runed translucent gate.
 43446 | Elf:2    | Killed Tievo's ghost
 43498 | Elf:2    | Identified the +7 double sword "Lecocrir" {freeze, rF+
                  | rN++}
 43629 | Elf:2    | Identified the staff of Deadujaj {rC+ Will+ Str+3 Dex-2
                  | Summ Ice}
 43754 | Elf:2    | Found a runed translucent gate.
 43756 | Elf:2    | Found a runed translucent gate.
 43758 | Elf:2    | Identified the serpent talisman of Tender Moments {Int+4}
 43758 | Elf:2    | Noticed Aizul
 43761 | Elf:2    | Found a runed translucent gate.
 44081 | Abyss:3  | Cast into level 3 of the Abyss (+2 hand axe of distortion)
 44335 | Abyss:3  | Found a corrupted altar of Lugonu.
 44362 | Abyss:3  | Noticed a profane servitor
 44364 | Elf:2    | Escaped the Abyss
 44453 | Elf:2    | Received a gift from Okawaru
 44467 | Elf:2    | Killed Aizul
 44843 | Elf:3    | Entered Level 3 of the Elven Halls
 44963 | Elf:3    | Reached skill level 27 in Fighting
 45395 | Elf:3    | Received a gift from Okawaru
 45440 | Elf:3    | Reached skill level 1 in Evocations
 45442 | Abyss:3  | Found a corrupted altar of Lugonu.
 45442 | Abyss:3  | Cast into level 3 of the Abyss (a deep elf demonologist)
 45477 | Abyss:3  | Gained mutation: You are vulnerable to cold. (rC-) [a
                  | neqoxec]
 45565 | Abyss:3  | Gained mutation: [You are weak. (Str -2)] [a neqoxec]
 45616 | Abyss:3  | Gained mutation: Armour fits poorly on your strangely
                  | shaped body. [a cacodemon]
 45619 | Abyss:3  | Noticed a profane servitor
 45638 | Abyss:3  | Reached skill level 5 in Throwing
 45656 | Abyss:3  | Killed a profane servitor
 45674 | Abyss:3  | Paralysed by accursed screaming for 1 turns
 45676 | Elf:3    | Escaped the Abyss
 46159 | Elf:3    | Received a gift from Okawaru
 46171 | Elf:3    | Reached XP level 22. HP: 141/233 MP: 30/30
 46479 | Elf:3    | Identified the +4 spear of Ymomoeg {elec, rC+}
 46482 | Elf:3    | Identified the amulet of Xyocled {RegenMP rCorr Dex+2}
 46521 | Elf:3    | Got the Teachings on the Twisted Swarm
 46539 | Elf:3    | Identified the +5 spear of Inquiry {protect, rF- Will+
                  | Dex+5}
 46593 | Elf:3    | Got Dysoq's Papyrus of the Undead and the Xenolith
 46962 | Depths:1 | Entered Level 1 of the Depths
 46971 | Depths:1 | Noticed a juggernaut
 47144 | Depths:1 | Received a gift from Okawaru
 47230 | Depths:1 | Noticed Iceingye's ghost (adept DrSh)
 47230 | Depths:1 | Noticed Pikuto's ghost (adept MiBe)
 47231 | Depths:1 | Found a transporter.
 47231 | Depths:1 | Found a transporter.
 47235 | Depths:1 | Identified the ring of the Serpent {rF+ AC+4}
 47262 | Depths:1 | Found a one-way gateway to a ziggurat.
 47426 | Depths:1 | Found a gateway to Hell.
 47437 | Depths:1 | Got the Verses on Congelation
 47736 | Depths:1 | Identified the ring "Mezodezy" {rC++ rN+ Stlth+}
 47741 | Depths:1 | Identified the amulet of Freedom {Spirit Int+3 Slay+5
                  | Stlth-}
 47741 | Depths:1 | Identified the amulet "Uskaotergh" {RegenMP +Blink Regen+
                  | Int+3}
 47827 | Depths:1 | Found a glowing golden altar of the Shining One.
 48033 | Depths:1 | Killed a juggernaut
 48037 | Depths:1 | Killed Pikuto's ghost
 48065 | Depths:1 | Killed Iceingye's ghost
 48587 | Depths:1 | Identified the ring of Cisacw {Fire Dex+3}
 48589 | Depths:1 | Identified the ring of Makhleb's Esteem {Ice Stlth+}
 48652 | Depths:2 | Received a gift from Okawaru
 48654 | Depths:2 | Lost mutation: You are vulnerable to cold. (rC-) [potion of
                  | mutation]
 48654 | Depths:2 | Lost mutation: [You are weak. (Str -2)] [potion of
                  | mutation]
 48654 | Depths:2 | Lost mutation: Armour fits poorly on your strangely shaped
                  | body. [potion of mutation]
 48654 | Depths:2 | Gained mutation: Armour fits poorly on your strangely
                  | shaped body. [potion of mutation]
 48794 | Depths:2 | Found a one-way gate to the infinite horrors of the Abyss.
 48926 | Depths:2 | Noticed a caustic shrike
 48926 | Depths:2 | Noticed Nikola
 48959 | Depths:2 | Killed a caustic shrike
 49284 | Depths:2 | Killed Nikola
 49291 | Depths:2 | Found a broken altar of Ashenzari.
 49441 | Depths:2 | Noticed a juggernaut
 49449 | Depths:2 | Killed a juggernaut
 49452 | Depths:2 | Received a gift from Okawaru
 49467 | Depths:2 | Reached XP level 23. HP: 156/240 MP: 31/31
 49807 | Depths:2 | Found a one-way gate leading to the halls of Pandemonium.
 50012 | Depths:2 | Got the Vellum of the Fifth Circle
 50433 | Depths:3 | Received a gift from Okawaru
 50950 | Depths:3 | Noticed the Enchantress
 51167 | Depths:3 | Received a gift from Okawaru
 51233 | Depths:3 | Killed the Enchantress
 52085 | Depths:3 | Reached skill level 10 in Dodging
 52112 | Depths:3 | Noticed Jory
 52120 | Depths:3 | Killed Jory
 52547 | Depths:4 | Entered Level 4 of the Depths
 52575 | Depths:4 | Received a gift from Okawaru
 53275 | Depths:4 | Reached XP level 24. HP: 244/249 MP: 32/32
 53508 | Depths:4 | Found a gate to the Realm of Zot.
 53623 | Depths:4 | Identified the +2 robe "Kisy" {Rampage Will++ Dex-5 SInv}
 53976 | Vaults:5 | Entered Level 5 of the Vaults
 54007 | Vaults:5 | Received a gift from Okawaru
 54155 | Vaults:5 | Received a gift from Okawaru
 54485 | Vaults:5 | Reached skill level 10 in Throwing
 54517 | Vaults:5 | Identified the +4 mace "Byxuav" {flame, ^Fragile rPois rC+
                  | rN+}
 54525 | Vaults:5 | Got a silver rune of Zot
 54737 | Vaults:5 | Identified the +9 dagger of Saltpetre {elec, +Blink rElec
                  | Str-2}
 54737 | Vaults:5 | Identified the ring "Lizoin" {EV+5 Dex+5}
 54809 | Vaults:5 | Received a gift from Okawaru
 54936 | Vaults:5 | Identified the +3 barding of the Soft God {rElec rF+ Str+3
                  | Dex+3}
 55082 | Vaults:5 | Noticed an ancient lich
 55097 | Vaults:5 | Killed an ancient lich
 55102 | Vaults:5 | Identified the +8 great sword "Newt's Bane" {flame, Fly}
 55254 | Vaults:5 | Identified the +0 dagger of Toil {drain, *Noise +Blink
                  | rPois}
 55255 | Vaults:5 | Identified the +10 plate armour of Muaf Fing {Str+2 Int+3}
 55308 | Vaults:5 | Identified the +0 plate armour of the Onion {Harm Will-
                  | Int+2}
 55382 | Vaults:5 | Identified the staff "Ixemmian" {Dex+3 Conj}
 55395 | Vaults:5 | Received a gift from Okawaru
 55737 | Vaults:5 | Reached XP level 25. HP: 257/257 MP: 32/32
 56526 | Depths:1 | Fell from the grace of Okawaru
 56526 | Depths:1 | Became a worshipper of the Shining One
 56696 | Crypt:1  | Entered Level 1 of the Crypt
 56827 | Crypt:1  | Reached * piety under the Shining One
 56994 | Crypt:1  | Reached ** piety under the Shining One
 57360 | Crypt:1  | Reached *** piety under the Shining One
 57591 | Crypt:2  | Reached skill level 27 in Shields
 57762 | Crypt:2  | Reached **** piety under the Shining One
 57864 | Crypt:2  | Noticed Margery
 57883 | Crypt:2  | Killed Margery
 58495 | Crypt:2  | Reached ***** piety under the Shining One
 58651 | Crypt:3  | Entered Level 3 of the Crypt
 58752 | Crypt:3  | Noticed Boris
 58769 | Crypt:3  | Killed Boris
 58835 | Crypt:3  | Reached ****** piety under the Shining One
 58933 | Crypt:3  | Noticed a dread lich
 58936 | Crypt:3  | Killed a dread lich
 59003 | Crypt:3  | Found an ancient bone altar of Kikubaaqudgha.
 59036 | Crypt:3  | Found a staircase to the Tomb.
 59040 | Crypt:3  | Identified the +5 great sword "Ityf" {flame, rF+ Will+}
 59149 | Crypt:3  | Reached skill level 27 in Axes
 59158 | Crypt:3  | Noticed Khufu
 59158 | Crypt:3  | Noticed a royal mummy
 59158 | Crypt:3  | Noticed a royal mummy
 59663 | Crypt:3  | Identified a +8 eveningstar of holy wrath (a +6 antimagic
                  | eveningstar blessed by the Shining One)
 59663 | Crypt:3  | Received a gift from the Shining One
 59766 | Crypt:3  | Killed a royal mummy
 59767 | Crypt:3  | Reached skill level 1 in Maces & Flails
 59775 | Crypt:3  | Killed a royal mummy
 59846 | Crypt:3  | Killed Khufu
 60998 | Hell     | Entered the Vestibule of Hell
 60998 | Hell     | Noticed Geryon
 61076 | Hell     | Killed Geryon
 61081 | Hell     | Reached skill level 5 in Maces & Flails
 61456 | Hell     | Found a gateway to the Iron City of Dis.
 61570 | Hell     | Reached skill level 15 in Invocations
 61614 | Hell     | Found a gateway to the ashen valley of Gehenna.
 62519 | Hell     | Paralysed by a wendigo for 1 turns
 62525 | Hell     | Reached XP level 26. HP: 266/266 MP: 33/33
 62538 | Hell     | Found a gateway to the freezing wastes of Cocytus.
 62650 | Hell     | Found a gateway to the decaying netherworld of Tartarus.
 63643 | Slime:1  | Entered Level 1 of the Pits of Slime
 63692 | Slime:2  | Gained mutation: Your spells are a little easier to cast,
                  | but a little less powerful. [a shining eye]
 63695 | Slime:2  | Gained mutation: Your body sometimes deteriorates upon
                  | taking damage. [a shining eye]
 63709 | Slime:3  | Gained mutation: You are frail. (-10% HP) [a shining eye]
 64457 | Slime:5  | Entered Level 5 of the Pits of Slime
 64669 | Slime:5  | Gained mutation: Potions are less effective at restoring
                  | your health. [a shining eye]
 64671 | Slime:5  | Noticed the Royal Jelly
 64694 | Slime:5  | Reached skill level 10 in Maces & Flails
 64695 | Slime:5  | Killed the Royal Jelly
 65314 | Slime:5  | Identified the amulet of the Solstice {Acrobat rC+}
 65330 | Slime:5  | Got the Handbook of Brumal Vapour
 65332 | Slime:5  | Got a slimy rune of Zot
 65337 | Slime:5  | Got Hyonike's Octavo of Direction and Snow
 65469 | Slime:5  | Found the +1 robe of Vines {NoPotionHeal Regen++++}
 65481 | Slime:5  | Identified the +2 battleaxe of Sin {flame, rPois rF+ Str-5
                  | Int+2}
 65962 | Slime:5  | Identified the ring "Cojeqok" {MP+9 Int+3 Dex+6}
 66349 | Zot:1    | Entered Level 1 of the Realm of Zot
 66499 | Zot:1    | Identified the +0 pair of boots "Foasesog" {rElec rN+}
 67161 | Zot:1    | Noticed Vv
 67181 | Zot:1    | Killed Vv
 67825 | Zot:2    | Found a runed translucent gate.
 67825 | Zot:2    | Found a runed translucent gate.
 67825 | Zot:2    | Found a runed translucent gate.
 67827 | Zot:2    | Noticed Sebriys's ghost (legendary TrBe)
 68822 | Zot:2    | Lost mutation: Armour fits poorly on your strangely shaped
                  | body. [potion of mutation]
 68822 | Zot:2    | Lost mutation: Potions are less effective at restoring your
                  | health. [potion of mutation]
 68822 | Zot:2    | Gained mutation: Armour fits poorly on your strangely
                  | shaped body. [potion of mutation]
 68899 | Zot:3    | Reached skill level 15 in Dodging
 68909 | Zot:3    | Was forgiven by Okawaru
 69684 | Zot:3    | Noticed Parghit
 69697 | Zot:3    | Killed Parghit
 70157 | Zot:3    | Identified a scroll of acquirement
 70158 | Zot:3    | Acquired 1003 gold pieces
 70258 | Zot:4    | Identified the +2 robe of a ziggurat {rCorr}
 71597 | Geh:1    | Entered Level 1 of Gehenna
 71597 | Geh:1    | Noticed an ancient lich
 71603 | Geh:1    | Killed an ancient lich
 71661 | Geh:1    | Reached XP level 27. HP: 235/245 MP: 34/34
 73085 | Geh:3    | You fall into a shaft and drop 3 floors!
 73920 | Geh:7    | Entered Level 7 of Gehenna
 74155 | Zig:1    | Entered Level 1 of a ziggurat
 74177 | Zig:2    | Entered Level 2 of a ziggurat
 74219 | Zig:3    | Entered Level 3 of a ziggurat
 74321 | Zig:4    | Entered Level 4 of a ziggurat
 74439 | Zig:5    | Entered Level 5 of a ziggurat
 74445 | Zig:5    | Noticed an ancient lich
 74457 | Zig:5    | Killed an ancient lich
 74475 | Zig:6    | Entered Level 6 of a ziggurat
 75019 | Zig:7    | Entered Level 7 of a ziggurat
 75135 | Zig:7    | Found the +8 Vampire's Tooth {megavamp}
 75161 | Zig:8    | Entered Level 8 of a ziggurat
 75180 | Zig:8    | Paralysed by accursed screaming for 1 turns
 75354 | Zig:8    | Identified the ring of the Traitor {rN+ Str+4}
 75476 | Zig:9    | Entered Level 9 of a ziggurat
 75593 | Zig:9    | Identified the amulet of Zat Qoed {Regen+ Dex+5}
 75598 | Zig:9    | Got the Spellbook of the Gathering and Freezing
 75615 | Zig:10   | Entered Level 10 of a ziggurat
 75864 | Zig:10   | Got the Octavo of the Serac and the Dead
 75897 | Zig:11   | Entered Level 11 of a ziggurat
 76146 | Zig:11   | Identified the +11 morningstar "Vaxzon" {freeze, ^Drain Fly
                  | Str+3 Dex+4}
 76155 | Zig:12   | Entered Level 12 of a ziggurat
 76411 | Zig:12   | Identified the +0 long sword of the Five Brambles {protect,
                  | rC+ Str+4}
 76473 | Zig:13   | Entered Level 13 of a ziggurat
 76668 | Zig:13   | Identified the +1 ring mail "Gugupyo" {Fly rElec Stlth-}
 76686 | Zig:14   | Entered Level 14 of a ziggurat
 76720 | Zig:14   | Reached skill level 15 in Throwing
 77034 | Zig:14   | Identified the staff of the Dancing Badger {rElec Dex+4
                  | Stlth+ Air}
 77035 | Zig:14   | Identified the +1 war axe "Nuajeoll" {freeze, rCorr Str+6}
 77041 | Zig:14   | Identified the ring "Zehyt" {rCorr Dex+2}
 77071 | Zig:15   | Entered Level 15 of a ziggurat
 77118 | Zig:15   | HP: 9/245 [iron golem (26)]
 77447 | Zig:15   | Acquired the ring "Saukhe" {rF++ rN+ Will+ MP+9 Dex+3}
 77466 | Zig:16   | Entered Level 16 of a ziggurat
 77497 | Zig:16   | Gained mutation: You are occasionally teleported next to
                  | monsters. [a neqoxec]
 77502 | Zig:16   | Paralysed by accursed screaming for 2 turns
 77505 | Zig:16   | HP: 5/245 [crystal guardian/crystal bolt (14)]
 77508 | Zig:16   | Paralysed by accursed screaming for 2 turns
 77510 | Zig:16   | HP: 8/245 [will-o-the-wisp (6)]
 77510 | Zig:16   | Killed from afar by a glowing orange brain

Illustrated notes

Levels and vault maps discovered:
D:1:      dpeg_chamrin_arrival_tetris, layout_basic, bh_walls_and_bars
D:2:      layout_basic, minmay_pentomino_s4
D:3:      layout_basic, led_sif_pool, minmay_misc_feat_more_columns,
          minmay_quadrilaterals
D:4:      kennysheep_goblin_castle, layout_layer_cave, okawaru_trees_2,
          trog_wizard, mainiacjoe_overflow_concentric_impassable,
          lemuel_crystal_altar, kennysheep_mini_moat, serial_shops,
          nicolae_shop_stone, nicolae_houndstooth_variations, uniq_grinder
D:5:      layout_loops_corners, lemuel_doored_altar,
          mainiacjoe_overflow_24_doors, minmay_temple_entry_waves,
          lightli_sewer_entry_pipes, moated_statue
D:6:      layout_basic, makhleb_blood_cavern_becter, serial_shops,
          shop_fountains, chequers_serial_rivers_small_b, minmay_manual_mail
D:7:      layout_cave_pools, hangedman_abyss_or_decor_stagger
D:8:      layout_basic, nemelex_spade_bored_becter, kennysheep_mini,
          minmay_misc_feat_room, uniq_grum
D:9:      layout_loops_ring, serial_ice, serial_ice_i, serial_ice_c,
          serial_ice_d, serial_ice_g, kennysheep_opposing_triangles
D:10:     layout_basic, david_lair_generic, serial_glass, glass_columns_b,
          glass_columns_a, due_unseen_surprise, item_on_display_a,
          feat_on_display, minmay_strange_pillars
D:11:     layout_layer_cave, portal_ice_cave_entry_pillars_2
D:12:     layout_stronghold, david_orc_1_choice, serial_shops,
          nicolae_shop_just_a_little_nook, ebering_ghost_gozag
D:13:     layout_stronghold, gammafunk_ghost_arena
D:14:     layout_small_grid, david_vaults_2, enter_trove_6, minmay_radiant
D:15:     grunt_enter_depths_giant_problem, layout_basic,
          gauntlet_entry_generic, reono_crystal_passage,
          nicolae_ru_path_of_blood
Lair:1:   layout_regular_city, enter_volcano_2, lemuel_fruit_fields,
          lemuel_fruit_tree, uniq_harold, uniq_nergalle
Lair:2:   layout_regular_city, minmay_snake_entry_guardpost_medium,
          grunt_megastairs_4, uniq_urug
Lair:3:   layout_chaotic_city, nicolae_shoals_entry_flooding,
          serial_bayou_lagoon_b, lemuel_fruit_fields, uniq_rupert
Lair:4:   layout_long_grid
Lair:5:   evilmike_catoblepas_cave, layout_gridlike, dpeg_slime_entry_enclosed,
          nicolae_quartered_pool_medium, st_stairs_9, eino_house_with_fridge
Shoals:1: layout_shoals, dpeg_stationary_puzzle
Shoals:2: layout_shoals, uniq_ilsuiw, uniq_mlioglotl
Shoals:3: layout_shoals, gammafunk_ghost_necromancy,
          nicolae_shoals_lost_giant_amphitheater
Shoals:4: shoals_end_grunt_ice, layout_shoals, shoals_ilsuiw_ice
Snake:1:  layout_misc_corridors, nicolae_triple_integral
Snake:2:  layout_honeycomb, nicolae_custom_books
Snake:3:  layout_honeycomb, ebering_ghost_disaster_area, grunt_megastairs_3
Snake:4:  snake_pit, layout_chambers, special_room, serial_shops,
          nicolae_shop_pleasant_corner_grove, nicolae_snake_flat_spine,
          nrook_guardian_serpent_double, uniq_vashnia
Slime:1:  layout_caves
Slime:2:  layout_caves, nicolae_slime_getting_an_eyeful
Slime:3:  layout_caves
Slime:4:  layout_caves
Slime:5:  slime_pit_nicolae_inversion
Orc:1:    layout_caves, serial_shops, shop, uniq_josephine
Orc:2:    st_orc_elflike, layout_caves
Elf:1:    eino_elf_arrival_sip, layout_loops_corners, serial_shops, shop,
          nicolae_elf_blasts_and_bolts
Elf:2:    nicolae_elf_blades_splatter_lattice
          [nicolae_vaults_blade_armed_guards], layout_rooms,
          gammafunk_ghost_split, basic_altar,
          nicolae_elf_double_double_double_trouble, uniq_aizul
Elf:3:    elf_hall, layout_geoelf_grid
Vaults:1: gammafunk_the_bubble [the_bubble_gammafunk_plus_minus],
          nicolae_vaults_storage_closets_3, nicolae_vaults_closet_pinwheel_1,
          nicolae_vaults_circle_grid_b, v_misc_23, v_misc_1, v_rooms_6,
          layout_vaults_maze
Vaults:2: nicolae_vaults_holding_cells, ontoclasm_vaults_decontamination,
          nicolae_vaults_specimen_jars, nicolae_vaults_house_2,
          layout_vaults_quadrants, serial_shops, nicolae_shop_advertising_works
          [nicolae_subvault_shop_adworks]
Vaults:3: infiniplex_enter_wizlab_glasses,
          nicolae_vaults_antechamber_and_loot_room, vaults_room_hallway,
          blue_anna_dwarven_crypt, vaults_dpeg_emergency_exit,
          hangedman_vaults_cutoff, vaults_dpeg_hooks, vaults_room_pool,
          v_pattern_5, vaults_dpeg_ring, nicolae_vaults_tetromino_T_1,
          vaults_room_pools, layout_vaults_chaotic_city
Vaults:4: v_misc_10, nicolae_vaults_offset_grid_hallway_1,
          hangedman_vaults_pinch, ontoclasm_vaults_claustrophobia,
          nicolae_vaults_double_plus_1, nicolae_vaults_ring_of_whatevers,
          st_lattice, nicolae_vaults_little_squares_6,
          nicolae_vaults_apartment_1, grunt_vaults_twisty, v_misc_14,
          nicolae_vaults_mitosis, nicolae_vaults_oval_intersection,
          layout_vaults_omnibox, serial_shops, shop
Vaults:5
Crypt:1:  layout_chaotic_city, uniq_josephina
Crypt:2:  layout_gridlike, serial_co_window_serial, co_window_of_opportunity_a,
          co_window_corner_a, co_window_of_opportunity_a, co_window_corner_a,
          co_window_corner_a, co_window_paths_a, co_window_paths_b,
          co_window_2corner, co_window_2corner, co_window_corner_b,
          glass_columns_b, glass_columns_a, glass_columns_c, uniq_margery
Crypt:3:  cryptofortress_bobbens, uniq_khufu, uniq_boris
Depths:1: layout_roguey, enter_ziggurat_d, grunt_mini_vestibule, tso_altar,
          nzn_ghost_randoct, minmay_door_square, serial_bayou_pond_d,
          minmay_misc_feat_iff, st_stairs_10, minmay_holes,
          serial_bayou_shore_b, serial_bayou_shore_b
Depths:2: minmay_central_circle, layout_basic, minmay_room_of_horrors,
          hangedman_tar_grid_catacomb, grunt_pan_entry_sceptre,
          ashenzari_altar_1, uniq_nikola
Depths:3: due_jory_tower, layout_basic, hell_entry,
          abyss_entry_small_statue_room, infiniplex_staircase_spiral,
          uniq_enchantress
Depths:4: evilmike_zot_entry_hall, layout_gridlike,
          nicolae_twisty_statue_hallways, abyss_entry, hell_entry, minivault_16
Hell
Geh:1:    layout_gehenna_pools_basic
Geh:2:    layout_gehenna_lava_caves
Geh:3:    layout_gehenna_pools_triple
Geh:6:    layout_gehenna_pools_basic
Geh:7:    geh_mu
Zot:1:    layout_gridville, uniq_vv
Zot:2:    layout_cellular_growth, gammafunk_ghost_ooze
Zot:3:    layout_cathedral_of_symmetry, hangedman_zot_diagonal_lockstep,
          skrybe_zot_glass_3, uniq_parghit
Zot:4:    layout_twisted_circle, hangedman_zot_decor_checkerboard,
          nicolae_zig_zag_zippers
Zig:16

Skill      XL: |  1  2  3  4  5  6  7  8  9 10 11 12 13 14 15 16 17 18 19 20 21 22 23 24 25 26 27 |
---------------+----------------------------------------------------------------------------------+-----
Armour         | 4 5 6 7 9 11 12 13 14 15 16 18 19 21 22 23 25 | 25.7
Shields        | 4 5 6 8 9 11 13 15 17 18 20 22 23 25 26 27 | 27.0
Axes           | 3 4 6 7 8 10 12 14 16 17 18 19 20 21 22 23 24 25 27 | 27.0
Fighting       | 4 5 6 7 8 10 11 13 14 16 20 23 25 27 | 27.0
Dodging        | 1 2 3 4 5 6 7 9 10 11 12 16 17 | 17.9
Invocations    | 1 3 4 5 6 7 8 10 11 12 13 14 15 16 20 | 20.2
Throwing       | 1 2 3 6 8 9 10 11 13 15 | 15.7
Evocations     | 1 2 |  2.2
Maces & Flails | 7 10 11 | 11.0
Stealth        | |  0.3

Action                     |  1- 3 |  4- 6 |  7- 9 | 10-12 | 13-15 | 16-18 | 19-21 | 22-24 | 25-27 || total
---------------------------+-------+-------+-------+-------+-------+-------+-------+-------+-------++-------
  Melee: War axe           |    81 |   129 |   295 |   738 |   263 |       |       |       |       ||  1506
         Headbutt          |     8 |    19 |    58 |   172 |   313 |   349 |   354 |   455 |   793 ||  2521
         Broad axe         |       |       |       |       |   995 |  1415 |  1279 |  1400 |  1626 ||  6715
         Eveningstar       |       |       |       |       |       |       |       |       |   433 ||   433
  Throw: Boomerang         |       |       |       |     9 |    32 |     3 |     5 |       |    12 ||    61
         Javelin           |       |       |       |       |    13 |       |    42 |     6 |    72 ||   133
         Throwing net      |       |       |       |       |     4 |       |       |       |       ||     4
 Invoke: Heroism           |       |       |       |    14 |    18 |    16 |    23 |    20 |       ||    91
         Receive Weapon    |       |       |       |       |     1 |       |       |       |       ||     1
         Receive Armour    |       |       |       |       |     1 |       |       |       |       ||     1
         Finesse           |       |       |       |       |     2 |     3 |     2 |     4 |       ||    11
         Divine Shield     |       |       |       |       |       |       |       |       |    23 ||    23
         Cleansing Flame   |       |       |       |       |       |       |       |       |    30 ||    30
         Brand Weapon With |       |       |       |       |       |       |       |       |     1 ||     1
  Evoke: Wand              |       |       |       |     8 |       |       |     2 |     1 |     2 ||    13
         Lightning rod     |       |       |       |       |       |       |     1 |       |       ||     1
    Use: Scroll            |       |     7 |     5 |    16 |    12 |     4 |    13 |     9 |    21 ||    87
         Potion            |       |       |       |     4 |     1 |     2 |     2 |     4 |    19 ||    32
   Stab: Held in net/web   |       |       |       |       |     1 |       |       |       |       ||     1
         Invisible         |       |       |       |       |       |     2 |     4 |       |       ||     6
         Distracted        |       |       |       |       |       |       |       |     1 |       ||     1
 Armour: Scale mail        |    47 |   109 |    89 |       |       |       |       |       |       ||   245
         Chain mail        |       |       |    74 |       |   822 |       |       |       |       ||   896
         Plate armour      |       |       |    56 |   537 |    63 |   573 |   481 |   387 |       ||  2097
         Gold dragon scale |       |       |       |       |       |       |       |    78 |   874 ||   952
         Skin              |       |       |       |       |       |       |       |       |    13 ||    13
         Acid dragon scale |       |       |       |       |       |       |       |       |   113 ||   113
  Dodge: Dodged            |    34 |    65 |   117 |   201 |   371 |   187 |   203 |   242 |   561 ||  1981
  Block: Buckler           |    26 |    46 |    91 |   210 |   256 |       |       |       |       ||   629
         Tower shield      |       |       |       |       |   296 |  1278 |  1111 |  1244 |  2529 ||  6458
         Kite shield       |       |       |       |       |    15 |       |       |       |       ||    15
         Reflection        |       |       |       |       |       |    87 |   118 |    52 |    89 ||   346
